 Dungeon Crawl Stone Soup version 0.32-a0-960-g3814254bd7 (webtiles) character file.

Game seed: 1635147427544592684

38 DEFE the Cudgeller (level 3, -2/29 HPs)
             Began as a Coglin Fighter on Apr 17, 2024.
             Incinerated by a bombardier beetle (4 damage)
             ... with a burning spray
             ... on level 2 of the Dungeon.
             The game lasted 00:00:48 (923 turns).

DEFE the Cudgeller (Coglin Fighter)                  Turns: 923, Time: 00:00:48

Health: -2/29      AC:  5    Str: 18    XL:     3   Next: 43%
Magic:  3/3        EV:  9    Int:  7    God:
Gold:   93         SH:  0    Dex: 13    Spells: 2/2 levels left

rFire   . . .        a - +0 flail {Balvinder}
rCold   . . .        e - +0 mace {Amurritum}
rNeg    . . .        f - +0 ring mail
rPois   .            (no helmet)
rElec   .            (no cloak)
rCorr   .            (no gloves)
SInv    .            (no boots)
Will    .....        (amulet unavailable)
Stlth   +            (ring unavailable)
HPRegen 0.24/turn    (ring unavailable)
MPRegen 0.08/turn    (no gizmo)

%: no passive effects
@: on fire, glowing, revving
A: off-hand wielding, slow wielding, warmup strikes, no jewellery
a: Invent Gizmo


You were on level 2 of the Dungeon.
You visited 1 branch of the dungeon, and saw 2 of its levels.

You collected 93 gold pieces.

Inventory:

Hand Weapons
 a - a +0 flail (weapon) {Balvinder}
 e - a +0 mace (offhand) {Amurritum}
Armour
 b - a +0 scale mail
 c - a +0 buckler
 f - a +0 ring mail (worn)
Scrolls
 h - a scroll of identify {unknown}
 i - a scroll of revelation {unknown}
Potions
 d - a potion of might
 g - a potion of attraction {unknown}
 j - a potion of enlightenment {unknown}
 k - a potion of lignification {unknown}


   Skills:
 - Level 3.0 Fighting
 + Level 3.4 Maces & Flails
 - Level 2.6 Armour
 - Level 2.1 Shields


You had 2 spell levels left.
You didn't know any spells.
Your spell library contained the following spells:

 Spells                   Type           Power      Damage    Failure   Level
 Shock                    Conj/Air       0%         1d3       63%         1
 Swiftness                Air            0%         N/A       94%         3
 Airstrike                Air            0%         2d(0-16)  100%        4


Dungeon Overview and Level Annotations

Branches:
Dungeon (2/15)

Altars:


Innate Abilities, Weirdness & Mutations

You can wield a second weapon in your off-hand.
It takes a long time for you to wield or remove held weapons.
Your first few attacks do less damage.
You cannot equip rings or amulets.


Message History

The liquid fire burns you!
You barely miss the bombardier beetle with your +0 flail.
You hit the bombardier beetle but do no damage.
The liquid fire burns you!
The bombardier beetle bites you but does no damage.
You closely miss the bombardier beetle with your +0 flail.
You hit the bombardier beetle but do no damage.
The liquid fire burns you!
The bombardier beetle sprays incendiary fluid at you.
The burning spray hits you.
You are even more covered in liquid fire!
You hit the bombardier beetle but do no damage.
You hit the bombardier beetle with your +0 flail.
The liquid fire burns you!
You are too injured to fight recklessly!
You are on fire!
You are on fire!
You are too injured to fight recklessly!
Unknown command.
You hit the bombardier beetle with your +0 flail.
The bombardier beetle is moderately wounded.
You barely miss the bombardier beetle with your +0 mace.
The liquid fire burns you!
The bombardier beetle sprays incendiary fluid at you.
The burning spray hits you.
You are even more covered in liquid fire!
You shake off some of the fire as you move.
The liquid fire burns you!
You shake off some of the fire as you move.
The liquid fire burns you!
* * * LOW HITPOINT WARNING * * *
Unknown command.
You shake off some of the fire as you move.
The liquid fire burns you!
* * * LOW HITPOINT WARNING * * *
Unknown command.
Unknown command.
You shake off some of the fire as you move.
The liquid fire burns you!
You die...

#.........
#.......#
#.......#
#.......#
#.....#
#.B...#
#.....#
#.....#
##@.###
#...#
#...#
##..##
#[..#
#...#
#...##
##...###
#.....###


You could see a bombardier beetle.

Vanquished Creatures
  An adder (D:2)
  A dart slug (D:1)
  5 ball pythons
  5 endoplasms (D:1)
  2 giant cockroaches (D:1)
  A goblin (D:2)
  A hobgoblin (D:1)
  A quokka (D:1)
  3 bats
  A frilled lizard (D:2)
  A kobold (D:1)
  2 rats
24 creatures vanquished.

Notes
Turn   | Place    | Note
-------+----------+-------------------------------------------
     0 | D:1      | DEFE the Coglin Fighter began the quest for the Orb.
     0 | D:1      | Reached XP level 1. HP: 18/18 MP: 1/1
   146 | D:1      | Reached XP level 2. HP: 24/24 MP: 2/2
   774 | D:2      | Reached XP level 3. HP: 29/29 MP: 3/3
   923 | D:2      | Incinerated by a bombardier beetle

Illustrated notes

Levels and vault maps discovered:
D:1:      eino_arrival_cavern_e, layout_basic
D:2:      layout_basic, serial_curves, eino_curves_03, eino_curves_04,
          chequers_serial_rivers_room_a, uniq_jessica

Skill      XL: |  1  2 |
---------------+-------+-----
Maces & Flails | 2 3 |  3.4
Fighting       | |  3.0
Armour         | |  2.6
Shields        | |  2.1

Action                     || total
---------------------------++-------
  Melee: Flail             ||    36
         Mace              ||    31
 Armour: Scale mail        ||     4
         Ring mail         ||    25
  Dodge: Dodged            ||    14

Table legend: (Time is in decaauts)
 A = Elapsed time spent in this place.
 B = Non-inter-level travel time spent in this place.
 C = Inter-level travel time spent in this place.
 D = Time resting spent in this place.
 E = Time spent auto-exploring this place.
 F = Levels seen in this place.
 G = Mean time per level.
                   A        B        C        D        E       F      G
               +--------+--------+--------+--------+--------+-----+--------+
         Total |    933 |    909 |     24 |      0 |    736 |   2 |  466.5 |
       Dungeon |    933 |    909 |     24 |      0 |    736 |   2 |  466.5 |
               +--------+--------+--------+--------+--------+-----+--------+

Top non-repeatable levels by time:
     D:1: 764 daAuts
     D:2: 169 daAuts
